 Dungeon Crawl Stone Soup version 0.20-a0-1124-g2e29d97 (webtiles) character file.

96 poirepourri the Shield-Bearer (level 4, -1/42 HPs)
             Began as a Deep Dwarf Fighter on May 15, 2017.
             Slain by a crocodile (2 damage)
             ... in a sewer.
             The game lasted 00:02:20 (1634 turns).

poirepourri the Shield-Bearer (Deep Dwarf Fighter)  Turns: 1634, Time: 00:02:22

Health: -1/42      AC:  6    Str: 19    XL:     4   Next: 41%
Magic:  4/4        EV:  7    Int:  9    God:
Gold:   76         SH:  9    Dex: 13    Spells: 3/3 levels left

rFire    . . .     SeeInvis .   a - +0 war axe
rCold    . . .     Gourm    .   c - +0 shield
rNeg     . . .     Faith    .   b - +0 scale mail
rPois    .         Spirit   .   (no helmet)
rElec    .         Reflect  .   (no cloak)
rCorr    .         Harm     .   (no gloves)
MR       .....                  (no boots)
Stlth    ..........             (no amulet)
Regen    0.0/turn               (no ring)
MPRegen  0.1/turn               (no ring)

@: non-regenerating
A: damage resistance, heal wounds, sense surroundings 1, no regeneration
a: Heal Wounds


You were in a sewer.
You were not hungry.

You visited 1 branch of the dungeon, and saw 3 of its levels.
You also visited: Sewer.

You collected 76 gold pieces.

Inventory:

Hand Weapons
 a - a +0 war axe (weapon)
Missiles
 o - 16 bolts
Armour
 b - a +0 scale mail (worn)
 c - a +0 shield (worn)
Jewellery
 e - an uncursed amulet of the gourmand {unknown}
Scrolls
 i - 3 scrolls of remove curse {unknown}
 j - 4 scrolls of teleportation {unknown}
 k - 3 scrolls of identify {unknown}
 l - 2 scrolls of blinking {unknown}
 p - a scroll of amnesia {unknown}
 r - a scroll of random uselessness {unknown}
Potions
 d - a potion of might
 m - a potion of berserk rage {unknown}
 n - a potion of curing {unknown}
 q - a potion of heal wounds {unknown}
Comestibles
 f - 3 bread rations
 g - 4 fruits
 h - a meat ration


   Skills:
 + Level 3.1 Fighting
 + Level 3.7 Axes
 - Level 3.2 Armour
 + Level 0.4 Dodging
 + Level 4.3 Shields


You had 3 spell levels left.
You didn't know any spells.

Dungeon Overview and Level Annotations

Branches:
Dungeon (3/15)

Altars:
Uskayaw


Innate Abilities, Weirdness & Mutations

You are resistant to damage.
You can heal yourself by infusing magical energy.
You passively map a small area around you.
You do not regenerate.


Message History

* * * LOW HITPOINT WARNING * * *
You closely miss the crocodile.
The crocodile is heavily wounded.
You block the crocodile's attack. The crocodile barely misses you.
You closely miss the crocodile.
The crocodile is heavily wounded.
You block the crocodile's attack.
You slash the crocodile!
The crocodile is almost dead.
The crocodile closely misses you.
You barely miss the crocodile.
The crocodile is almost dead.
The crocodile barely misses you. You block the crocodile's attack.
Your shield and scale mail prevent you from hitting the crocodile.
The crocodile is almost dead.
You block the crocodile's attack.
You closely miss the crocodile.
The crocodile is almost dead.
The crocodile bites you.
You die...

#########
#([#@#!%#
#$.#t#≈%#
*#.≈≈#
##≈.≈##
#...≈.#
*#.....##
#...#...#
#..###..##
#.≈. #≈..#


You could see a crocodile.

Vanquished Creatures
  2 adders
  A gnoll (D:1)
  An ooze (D:1)
  2 worms (D:2)
  4 dart slugs
  2 leopard geckos
  6 bats
  A giant cockroach (D:3)
  6 goblins
  3 hobgoblins
  4 jackals
  8 kobolds
  A quokka (D:2)
  2 frilled lizards (D:1)
  7 rats
50 creatures vanquished.

Notes
Turn   | Place    | Note
-------+----------+-------------------------------------------
     0 | D:1      | poirepourri the Deep Dwarf Fighter began the quest for the Orb.
     0 | D:1      | Reached XP level 1. HP: 20/20 MP: 1/1
   212 | D:1      | Reached XP level 2. HP: 25/27 MP: 2/2
   386 | D:1      | Reached XP level 3. HP: 32/34 MP: 3/3
   457 | D:1      | Reached skill level 4 in Shields
   772 | D:2      | Found a hide-covered altar of Uskayaw.
   841 | D:2      | Found a faded altar of an unknown god.
   934 | D:2      | Reached XP level 4. HP: 25/42 MP: 4/4
  1539 | D:3      | Found a glowing drain.
  1550 | Sewer    | Entered a sewer
  1618 | Sewer    | Noticed a crocodile
  1628 | Sewer    | HP: 1/42 [crocodile (13)]
  1634 | Sewer    | Slain by a crocodile

Vault maps used:
D:1:      dpeg_cavernosity, minmay_pentomino_r4
D:2:      lemuel_crystal_altar, chequers_ecumenical_altar_simple_redux,
          hangedman_decor_clover_reticule
D:3:      cheibrodos_pilgrimage, nicolae_overflow_crystal_walls,
          elyvilon_altar_4, grunt_temple_overflow_open, portal_sewer_entry_d,
          nicolae_gozag_seed_capital, uniq_natasha, uniq_sigmund
Sewer:    sewer_the_crocodile

Skill      XL: |  1  2  3 |
---------------+----------+-----
Fighting       | 3 |  3.1
Shields        | 4 |  4.3
Axes           | 3 |  3.7
Armour         | |  3.2
Dodging        | |  0.4

Action                   |  1- 3 |  4- 6 || total
-------------------------+-------+-------++-------
Melee: War axe           |   102 |    61 ||   163
 Abil: Heal Wounds       |     1 |     1 ||     2
  Eat: Meat ration       |       |     1 ||     1
Armor: Scale mail        |    60 |    36 ||    96
Dodge: Dodged            |    42 |    32 ||    74
Block: Shield            |    88 |    48 ||   136
